 Dungeon Crawl Stone Soup version 0.29.0-5-ge4962eb29e (webtiles) character file.

Game seed: 9306774269930920164

54 SnakkuSnakku7 the Trooper (level 3, -2/30 HPs)
             Began as a Merfolk Air Elementalist on Aug 30, 2022.
             Was an Initiate of Gozag.
             Slain by an orc
             ... wielding a +0 flail
              (10 damage)
             ... on level 2 of the Dungeon.
             The game lasted 00:02:27 (2695 turns).

SnakkuSnakku7 the Trooper (MfAE)                    Turns: 2695, Time: 00:02:28

Health: -2/30      AC:  2    Str: 10    XL:     3   Next: 91%
Magic:  6/6        EV: 12    Int: 20    God:    Gozag
Gold:   179        SH:  0    Dex: 14    Spells: 5/6 levels left

rFire   . . .      SeeInvis .   h - +0 spear
rCold   . . .      Faith    .   (no shield)
rNeg    . . .      Spirit   .   a - +0 robe
rPois   .          Reflect  .   (no helmet)
rElec   .          Harm     .   (no cloak)
rCorr   .          Rampage  .   (no gloves)
Will    .....                   (no boots)
Stlth   ++........              (no amulet)
HPRegen 0.10/turn               j - +6 ring of intelligence
MPRegen 0.10/turn               (no ring)

@: no status effects
A: (nimble swimmer 2), mertail
a: Renounce Religion, Potion Petition, Call Merchant, Bribe Branch


You were on level 2 of the Dungeon.
You worshipped Gozag.
Gozag was aware of your devotion.
You visited 1 branch of the dungeon, and saw 2 of its levels.

You collected 179 gold pieces.

Inventory:

Hand Weapons
 c - a +0 dagger
 h - a +0 spear (weapon)
Armour
 a - a +0 robe (worn)
 e - a +0 scale mail
 m - a +0 plate armour
Jewellery
 j - a +6 ring of intelligence (left hand)
Scrolls
 d - 4 scrolls of identify {unknown}
Potions
 b - a potion of magic
 f - 3 potions of curing
 g - a potion of brilliance {unknown}
 i - 2 potions of heal wounds {unknown}
 k - a potion of flight {unknown}
 l - a potion of cancellation {unknown}


   Skills:
 + Level 3.7 Fighting
 - Level 2.6 Dodging
 - Level 2.1 Stealth
 - Level 2.0 Spellcasting
 - Level 0.7 Conjurations
 - Level 2.4 Air Magic


You had 5 spell levels left.
You knew the following spells:

 Your Spells              Type           Power      Damage    Failure   Level
a - Shock                 Conj/Air       32%        1d5       9%          1

Your spell library contained the following spells:

 Spells                   Type           Power      Damage    Failure   Level
 Static Discharge         Conj/Air       8%         3-4/arc   13%         2
 Swiftness                Air            11%        N/A       19%         3
 Airstrike                Air            5%         2d(1-17)  52%         4


Dungeon Overview and Level Annotations

Branches:
Dungeon (2/15)

Altars:
Gozag


Innate Abilities, Weirdness & Mutations

((You are very nimble when in or above water. (Stealth+, EV+, Speed+++)))
Your lower body shifts to a powerful aquatic tail in water.


Message History

The quokka bites you.
You hit the quokka.
You kill the quokka!
No target in view!
No target in view!
You now have 174 gold pieces (gained 13).
You now have 179 gold pieces (gained 5).
An adder comes into view.
An adder is nearby!
An adder is nearby!
No target in view!
No target in view!
No target in view!
No target in view!
An orc comes into view. It is wielding a +0 flail.
The orc shouts!
The orc moves out of view.
Found a scroll labelled DOOLAMAKIZ.
Found an escape hatch in the floor.
The orc hits you with a +0 flail.
You hit the orc.
The orc is heavily wounded.
The orc closely misses you. x2
You closely miss the orc.
The orc is heavily wounded.
The orc barely misses you.
You closely miss the orc.
The orc is heavily wounded.
The orc hits you with a +0 flail!
You closely miss the orc.
The orc is heavily wounded.
The orc hits you with a +0 flail!
* * * LOW HITPOINT WARNING * * *
You closely miss the orc.
The orc is moderately wounded.
The orc barely misses you.
You hit the orc.
The orc is heavily wounded.
The orc hits you with a +0 flail!
You die...
Your body crumbles into a pile of gold.

#... ##### #...
.?.. ##...# ##
#... ....##.....
...#...
.....#.<....
.......
.....#......
#......
.....>#......
#...####...#
##..... .
#o@....# #......
#....##.####
#......
####.......#
#...... ####.##.#
#...... #.##.##
#.....# $
##.....# #.###..
#......####<#....
#.##......#.#.#..
#.###............


You could see an orc.

Vanquished Creatures
  2 adders (D:2)
  A worm (D:2)
  A ball python (D:2)
  4 bats
  4 endoplasms
  2 giant cockroaches
  2 goblins (D:1)
  4 hobgoblins
  3 quokkas
  3 frilled lizards (D:1)
  2 kobolds (D:1)
  A rat (D:1)
29 creatures vanquished.

Notes
Turn   | Place    | Note
-------+----------+-------------------------------------------
     0 | D:1      | SnakkuSnakku7 the Merfolk Air Elementalist began the quest
                  | for the Orb.
     0 | D:1      | Reached XP level 1. HP: 13/13 MP: 3/3
    88 | D:1      | Reached skill level 1 in Fighting
   174 | D:1      | Reached XP level 2. HP: 21/22 MP: 5/5
   229 | D:1      | Reached skill level 2 in Fighting
   534 | D:1      | Found a faded altar of an unknown god.
   771 | D:1      | Prayed at the altar of an unknown god.
   771 | D:1      | Became a worshipper of Gozag Ym Sagoz the Greedy
  1053 | D:2      | Reached skill level 3 in Fighting
  1053 | D:2      | Reached XP level 3. HP: 7/29 MP: 3/6
  1757 | D:2      | HP: 1/29 [worm (4)]
  2695 | D:2      | Slain by an orc

Illustrated notes

Levels and vault maps discovered:
D:1:      psy_arrival_radial01, layout_loops_ring,
          chequers_ecumenical_altar_island
D:2:      layout_rooms

Skill      XL: |  1  2 |
---------------+-------+-----
Fighting       | 1 3 |  3.7
Dodging        | |  2.6
Stealth        | |  2.1
Spellcasting   | |  2.0
Conjurations   | |  0.7
Air Magic      | |  2.4

Action                   || total
-------------------------++-------
Melee: Dagger            ||    13
       Spear             ||   143
       Tailslap          ||     2
       Punch             ||     1
 Cast: Shock             ||     7
  Use: Potion            ||     1
 Stab: Sleeping          ||     5
       Distracted        ||     1
Armor: Robe              ||    24
Dodge: Dodged            ||   106
